 Dungeon Crawl Stone Soup version 0.29.1-1-gd02db6906a (webtiles) character file.

Game seed: 16417633955366365849

15365 Icepheonix32 the Summoner (level 12, -7/124 HPs)
             Began as a Merfolk Summoner on Oct 6, 2022.
             Was a High Priest of Hepliaklqana.
             Mangled by Rupert
             ... wielding a +4 great mace of protection
              (14 damage)
             ... on level 12 of the Dungeon.
             The game lasted 00:38:53 (16651 turns).

Icepheonix32 the Summoner (Merfolk Summoner)       Turns: 16651, Time: 00:38:54

Health: -7/124     AC: 30    Str: 16    XL:     12   Next: 26%
Magic:  7/22       EV:  2    Int: 18    God:    Hepliaklqana [*****.]
Gold:   666        SH:  5    Dex: 14    Spells: 4/24 levels left

rFire   . . .      SeeInvis .   n - +6 demon trident (vamp)
rCold   + . .      Faith    +   M - +1 buckler {rC+}
rNeg    . . .      Spirit   .   (body armour currently unavailable)
rPois   +          Reflect  .   (helmet currently unavailable)
rElec   .          Harm     .   (cloak currently unavailable)
rCorr   .          Rampage  .   (gloves currently unavailable)
Will    .....      NoTele   +   (boots currently unavailable)
Stlth   ++........              E - amulet of faith
HPRegen 0.30/turn               e - +6 ring of strength
MPRegen 0.18/turn               x - +4 ring of protection

@: tree-form, forested
A: stationary, stasis, torment immunity, boosted hp, reduced essence, (nimble
swimmer 2), (mertail), (claws 1), (horns 1), (large bone plates 1), robust 1
a: Renounce Religion, Recall Ancestor, Ancestor Identity, Transference, Idealise


You were on level 12 of the Dungeon.
You worshipped Hepliaklqana.
Hepliaklqana was extremely pleased with you.
You were a tree.
You visited 2 branches of the dungeon, and saw 13 of its levels.

You collected 666 gold pieces.

Inventory:

Hand Weapons
 n - a +6 vampiric demon trident (weapon)
 H - a +1 rapier of speed
Missiles
 d - 16 poisoned darts
 g - 2 throwing nets
 Q - 4 silver boomerangs
Armour
 i - a +1 ring mail of cold resistance
 o - a +0 cloak (melded)
 q - the +1 leather armour "Haothrall" (melded) {Int+3}
   (You took it off a hobgoblin on level 2 of the Dungeon)

   Int:       It affects your intelligence (+3).
 s - a +4 scale mail
 w - a +0 pair of boots (melded)
 C - a +3 leather armour of willpower
 K - a +1 helmet
 L - +0 acid dragon scales
 M - a +1 buckler of cold resistance (worn)
 O - a +2 ring mail of cold resistance
Magical Staves
 A - a staff of death
 N - a staff of conjuration
Jewellery
 e - a +6 ring of strength (left branch)
 r - a ring of see invisible
 u - a ring of fire
 x - a +4 ring of protection (right branch)
 y - a ring of ice
 E - an amulet of faith (around neck)
 J - a +4 ring of protection
Wands
 h - a wand of quicksilver (22)
 j - a wand of flame (21)
 F - a wand of paralysis (20)
 I - a wand of mindburst (14)
Scrolls
 a - 2 scrolls of identify
 k - a scroll of teleportation
 B - 2 scrolls of magic mapping
 D - a scroll of fear
 G - a scroll of enchant armour
 R - a scroll of vulnerability {unknown}
Potions
 b - 2 potions of magic
 c - a potion of curing
 l - a potion of haste
 m - 3 potions of attraction
 p - 4 potions of mutation
 t - a potion of flight
 v - a potion of berserk rage
 z - 3 potions of resistance


   Skills:
 + Level 4.2 Fighting
 + Level 10.8 Polearms
 - Level 4.4 Armour
 + Level 4.7 Dodging
 - Level 3.4 Stealth
 + Level 2.7 Shields
 * Level 6.8 Spellcasting
 + Level 1.2 Hexes
 * Level 13.0 Summonings
 * Level 1.8 Translocations
 + Level 4.1 Transmutations
 + Level 4.3 Invocations


You had 4 spell levels left.
You knew the following spells:

 Your Spells              Type           Power      Damage    Failure   Level
a - Summon Small Mammal   Summ           100%       N/A       1%          1
b - Call Imp              Summ           52%        N/A       1%          2
c - Call Canine Familiar  Summ           52%        N/A       1%          3
d - Summon Guardian Gole  Hex/Summ       31%        N/A       2%          3
e - Wereblood             Tmut           21%        N/A       4%          2
f - Summon Lightning Spi  Summ/Air       29%        N/A       10%         4
g - Summon Forest         Summ/Tloc      16%        N/A       19%         5

Your spell library contained the following spells:

 Spells                   Type           Power      Damage    Failure   Level
 Beastly Appendage        Tmut           42%        N/A       2%          1
 Spider Form              Tmut/Pois      13%        N/A       19%         3
 Ignite Poison            Fire/Tmut/Pois 11%        N/A       24%         3
 Conjure Flame            Conj/Fire      6%         6-21      41%         3
 Mephitic Cloud           Conj/Pois/Air  6%         N/A       41%         3
 Sticky Flame             Conj/Fire      6%         2d3       82%         4
 Summon Cactus Giant      Summ           26%        N/A       11%         6
 Summon Mana Viper        Hex/Summ       31%        N/A       22%         5
 Freezing Cloud           Conj/Ice/Air   3%         6-21      99%         5


Dungeon Overview and Level Annotations

Branches:
Dungeon (12/15)            Temple (1/1) D:4            Lair (0/5) D:8
    Orc (0/2) D:11

Altars:
Ashenzari
Cheibriados
Dithmenos
Elyvilon
Fedhas
Gozag
Hepliaklqana
Kikubaaqudgha
Makhleb
Nemelex Xobeh
Okawaru
Qazlal
Ru
Sif Muna
Trog
Uskayaw
Vehumet
Wu Jian
Xom
Yredelemnul
Zin
The Shining One

Shops:
D:2 =   D:3 (   D:8 (

Annotations:
D:6 5 runed translucent doors, Senryu's ghost, novice DrAr
D:12 Rupert


Innate Abilities, Weirdness & Mutations

You are a tree.
Your roots penetrate the ground, keeping you stationary.
You cannot be teleported.
You are immune to unholy pain and torment.
Your maximum health is greatly increased.
Your equipment is partially melded.
Your life essence is reduced to manifest your ancestor. (-10% HP)
((You are very nimble when in or above water. (Stealth+, EV+, Speed+++)))
((Your lower body shifts to a powerful aquatic tail in water.))
((You have sharp fingernails.))
((You have a pair of small horns on your head.))
((You are partially covered in large bone plates. (SH +4)))
You are robust. (+10% HP)


Message History

Your guardian golem is engulfed in blazing flames.
Flame seeps out of your guardian golem.
Tochtli barely misses Rupert.
Unknown command.
You barely miss Rupert.
Rupert is severely wounded.
Rupert hits you with a +4 great mace of protection!!
Your guardian golem is engulfed in blazing flames.
Flame seeps out of your guardian golem.
Rupert hits you with a +4 great mace of protection!
* * * LOW HITPOINT WARNING * * *
Really quaff the potion of lignification?
You turn into a tree.
Your +0 cloak melds into your body.
Your +0 pair of boots melds into your body.
The +1 leather armour "Haothrall" {Int+3} melds into your body.
Your roots penetrate the ground.
Tochtli hits Rupert with a +0 quarterstaff!!
Rupert hits Tochtli with a +4 great mace of protection!!!
Your guardian golem disappears in a puff of smoke!
Your guardian golem explodes!
The fiery explosion engulfs your wolf!!!
Your wolf dies!
Your wolf's corpse disappears in a puff of smoke!
The fiery explosion engulfs Rupert.
The fiery explosion engulfs Tochtli!
Tochtli resists.
Your crimson imp hits Rupert but does no damage.
You hear an angry hiss. x2
Unknown command.
You feel better.
Tochtli seems less confused.
Rupert is engulfed in blazing flames.
Rupert hits you with a +4 great mace of protection!!
* * * LOW HITPOINT WARNING * * *
Tochtli hits Rupert with a +0 quarterstaff!
Your crimson imp barely misses Rupert.
Rupert is engulfed in blazing flames.
Rupert hits Tochtli with a +4 great mace of protection!!
Tochtli is destroyed!
You feel better.
Rupert is engulfed in blazing flames.
Rupert shouts!
Rupert hits you with a +4 great mace of protection!
You die...

##♣>..# #...# #####+### #.♣##
#.......# ♣######.#####♣
#.......# #............#
#.......' ♣§§~~~.......#
#.......#.# ♣~§≈~........♣
#....[..#...#@§~~~.......# ≈≈
#..<....# #..♣5..........# ≈
#....R..# ###..........─♣# ≈
######'## #............# #
##...# #♣##♣##).###♣♣ # #..###
###.....#♣##### #.##
#.....♣.......#
###.#########.............####
#........##.+.....#######.#...
#........##.#.....##≈S≈##.'.##


You could see Rupert (berserk, ally target) and a friendly crimson imp
(summoned).

Vanquished Creatures
  2 ugly things (D:12)
  2 cyclopes
  Joseph (D:10)
  Psyche (D:12)
  A kobold demonologist (D:12)
  A troll (D:10)
  Prince Ribbit (D:5)
  5 yaks
  A shadow (D:9)
  A warg (D:8)
  2 acid dragons
  A water moccasin (D:7)
  An ice beast (D:6)
  4 orc warriors
  2 centaurs (D:10)
  A phantom (D:6)
  A kobold brigand (D:6)
  A bullfrog (D:7)
  2 necrophages
  2 scorpions
  2 wights (D:8)
  12 killer bees
  2 howler monkeys (D:9)
  A crimson imp (D:7)
  A hound (D:5)
  A gnoll bouda (D:4)
  5 orc priests
  2 jellies (D:6)
  3 iguanas
  6 gnolls
  3 adders
  A shadow imp (D:6)
  2 white imps
  An ufetubus (D:7)
  21 orcs
  6 ball pythons
  4 bats
  7 endoplasms
  A giant cockroach (D:1)
  6 goblins
  5 hobgoblins
  6 jackals
  9 kobolds
  2 quokkas
  2 frilled lizards (D:1)
  6 rats
150 creatures vanquished.

Vanquished Creatures (collateral kills)
  Erica (D:10)
  An orc knight (D:12)
  3 cyclopes
  An ugly thing (D:6)
  A manticore (D:10)
  A komodo dragon (D:12)
  A troll (D:6)
  6 yaks
  A wyvern (D:8)
  A basilisk (D:12)
  Eustachio (D:6)
  A steam dragon (D:8)
  2 vampire mosquitoes
  An acid dragon (D:11)
  A water moccasin (D:6)
  6 orc warriors
  3 black bears
  2 sky beasts
  2 centaurs
  An ogre (D:4)
  A phantom (D:5)
  A kobold brigand (D:8)
  A bullfrog (D:8)
  4 scorpions
  A gnoll sergeant (D:7)
  2 wights (D:8)
  8 killer bees
  3 orc priests
  3 hounds
  3 jellies
  5 iguanas
  Terence (D:3)
  8 orc wizards
  Robin (D:3)
  7 gnolls
  2 adders
  A shadow imp (D:6)
  An ufetubus (D:6)
  2 worms
  23 orcs
  An endoplasm (D:2)
  3 giant cockroaches
  11 goblins
  5 hobgoblins
  2 jackals
  8 kobolds
  A quokka (D:4)
  A ball python (D:1)
  2 bats (D:3)
  A rat (D:3)
150 creatures vanquished.

Vanquished Creatures (others)
  A troll (D:12)
  A slime creature (D:12)
  A warg (D:8)
  2 orc warriors
  9 battlemagi
  2 orc wizards
  4 ancestors (D:6)
  An orc (D:11)
  2 fungi (D:6)
  3 plants
  A snaplasher vine (D:12)
27 creatures vanquished.

Grand Total: 327 creatures vanquished

Notes
Turn   | Place    | Note
-------+----------+-------------------------------------------
     0 | D:1      | Icepheonix32 the Merfolk Summoner began the quest for the
                  | Orb.
     0 | D:1      | Reached XP level 1. HP: 13/13 MP: 3/3
   489 | D:1      | Reached XP level 2. HP: 18/19 MP: 1/5
   565 | D:1      | Learned a level 2 spell: Call Imp
  1028 | D:1      | Found a faded altar of an unknown god.
  1472 | D:1      | Reached XP level 3. HP: 24/24 MP: 3/6
  1618 | D:2      | Learned a level 3 spell: Call Canine Familiar
  1628 | D:2      | Reached skill level 5 in Summonings
  1955 | D:2      | Found Urhuwn's Jewellery Shoppe.
  2379 | D:2      | Identified the +1 leather armour "Haothrall" {Int+3}
  2577 | D:2      | Reached XP level 4. HP: 7/30 MP: 3/7
  3252 | D:3      | Noticed Robin
  3260 | D:3      | Killed Robin
  3359 | D:3      | Noticed Terence
  3369 | D:3      | Killed Terence
  3370 | D:3      | Reached skill level 6 in Summonings
  3370 | D:3      | Reached XP level 5. HP: 35/35 MP: 5/8
  3785 | D:3      | Found Hehitanko's Antique Weapon Emporium.
  4103 | D:4      | Reached skill level 7 in Summonings
  4103 | D:4      | Reached XP level 6. HP: 37/41 MP: 1/9
  4286 | D:4      | Reached skill level 1 in Armour
  4322 | D:4      | Learned a level 3 spell: Summon Guardian Golem
  4876 | D:4      | HP: 1/41 [orc/+0 trident (7)]
  5450 | D:4      | Found a staircase to the Ecumenical Temple.
  5466 | Temple   | Entered the Ecumenical Temple
  5634 | Temple   | Became a worshipper of Hepliaklqana the Forgotten
  5658 | D:4      | Reached XP level 7. HP: 46/46 MP: 1/10
  6053 | D:5      | Entered Level 5 of the Dungeon
  6231 | D:5      | Reached skill level 8 in Summonings
  6902 | D:5      | Reached XP level 8. HP: 27/52 MP: 3/11
  7102 | D:5      | Reached skill level 1 in Polearms
  7332 | D:5      | Found a sparkling altar of Nemelex Xobeh.
  7397 | D:5      | Reached skill level 9 in Summonings
  7400 | D:5      | Learned a level 2 spell: Wereblood
  7442 | D:5      | Noticed Prince Ribbit
  7748 | D:5      | Killed Prince Ribbit
  7749 | D:5      | Reached skill level 1 in Transmutations
  8196 | D:5      | Found a bloodstained altar of Trog.
  8421 | D:6      | Reached * piety under Hepliaklqana
  8547 | D:6      | HP: 2/46 [orc warrior/bolt (22)]
  8966 | D:6      | Found a large runed translucent door.
  8966 | D:6      | Found a large runed translucent door.
  8976 | D:6      | Noticed a troll
  9025 | D:6      | Found a runed translucent gate.
  9025 | D:6      | Found a runed translucent gate.
  9025 | D:6      | Found a runed translucent gate.
  9027 | D:6      | Noticed Senryu's ghost (novice DrAr)
  9028 | D:6      | Noticed a kobold demonologist
  9066 | D:6      | Reached XP level 9. HP: 48/51 MP: 9/12
  9069 | D:6      | Noticed Eustachio
  9083 | D:6      | Killed Eustachio
  9084 | D:6      | Reached skill level 10 in Summonings
  9326 | D:6      | Reached skill level 5 in Polearms
  9493 | D:6      | Found a large runed translucent door.
  9493 | D:6      | Found a large runed translucent door.
  9796 | D:6      | Noticed a brown ugly thing
  9995 | D:6      | Killed a brown ugly thing
 10151 | D:6      | Reached skill level 1 in Shields
 10529 | D:7      | Gained mutation: You have a pair of small horns on your
                  | head. [potion of mutation]
 10529 | D:7      | Gained mutation: You are partially covered in large bone
                  | plates. (SH +4) [potion of mutation]
 10529 | D:7      | Gained mutation: You are robust. (+10% HP) [potion of
                  | mutation]
 10529 | D:7      | Gained mutation: You have sharp fingernails. [potion of
                  | mutation]
 10593 | D:7      | Found a radiant altar of Vehumet.
 10593 | D:7      | Found a burning altar of Makhleb.
 10644 | D:7      | Reached ** piety under Hepliaklqana
 10645 | D:7      | Remembered your ancestor Tochtli as a battlemage
 10698 | D:6      | Killed a troll
 10699 | D:6      | Reached XP level 10. HP: 64/64 MP: 7/13
 10700 | D:6      | Reached skill level 11 in Summonings
 10872 | D:7      | Reached skill level 1 in Fighting
 11171 | D:7      | Reached skill level 1 in Invocations
 11372 | D:7      | Found a shadowy altar of Dithmenos.
 11383 | D:7      | Found a basalt altar of Yredelemnul.
 11602 | D:8      | Noticed a centaur warrior
 11622 | D:8      | Noticed a tengu warrior
 11622 | D:8      | Noticed a seven-headed hydra
 11638 | D:8      | Noticed a centaur warrior
 11638 | D:8      | Noticed a cyclops
 11645 | D:8      | Noticed a tengu warrior
 11914 | D:8      | Found Hucirgh's Weapon Shop.
 11987 | D:8      | Found a staircase to the Lair.
 12159 | D:8      | Reached *** piety under Hepliaklqana
 13069 | D:9      | Reached XP level 11. HP: 74/74 MP: 16/16
 13081 | D:9      | Learned a level 4 spell: Summon Lightning Spire
 13252 | D:9      | Reached **** piety under Hepliaklqana
 13647 | D:10     | Entered Level 10 of the Dungeon
 13682 | D:10     | Noticed a manticore
 13698 | D:10     | Killed a manticore
 13829 | D:10     | Reached skill level 12 in Summonings
 13929 | D:10     | Noticed Erica
 13935 | D:10     | Killed Erica
 14187 | D:10     | Noticed Joseph
 14207 | D:10     | Killed Joseph
 14761 | D:11     | Found a staircase to the Orcish Mines.
 14769 | D:11     | Reached skill level 10 in Polearms
 15184 | D:11     | Noticed a cyclops
 15193 | D:11     | Reached skill level 5 in Spellcasting
 15197 | D:11     | Killed a cyclops
 15402 | D:11     | Learned a level 5 spell: Summon Forest
 15485 | D:11     | Reached ***** piety under Hepliaklqana
 15911 | D:11     | Noticed a cyclops
 15924 | D:11     | Killed a cyclops
 16091 | D:12     | Noticed a sea snake
 16134 | D:12     | Noticed Rupert
 16135 | D:12     | Noticed a sea snake
 16136 | D:12     | Noticed a sea snake
 16199 | D:12     | Noticed a cyclops
 16208 | D:12     | Killed a cyclops
 16236 | D:12     | Noticed Psyche
 16252 | D:12     | Killed Psyche
 16253 | D:12     | Reached skill level 1 in Translocations
 16274 | D:12     | Noticed a cyclops
 16279 | D:12     | Killed a cyclops
 16280 | D:12     | Reached skill level 1 in Hexes
 16363 | D:12     | Noticed a cyclops
 16372 | D:12     | Killed a cyclops
 16373 | D:12     | Reached XP level 12. HP: 83/83 MP: 21/21
 16491 | D:12     | Reached skill level 13 in Summonings
 16565 | D:12     | Noticed a boulder beetle
 16650 | D:12     | HP: 1/124 [Rupert/+4 great mace of protection (23)]
 16651 | D:12     | Mangled by Rupert

Illustrated notes

Levels and vault maps discovered:
D:1:      mrwooster_arrival_arrow, layout_basic,
          hellmonk_ecumenical_altar_pennies_from_heaven, minmay_pentomino_v2
D:2:      layout_loops_cross, serial_shops, shop, minmay_door_square,
          nicolae_kite_square_tiling_tiny
D:3:      layout_basic, serial_shops, nicolae_shop_advertising_works
          [nicolae_subvault_shop_adworks], uniq_terence, uniq_robin
D:4:      minmay_inner_zag, layout_basic, minmay_temple_entry_large_hall,
          hangedman_abyss_or_decor_lesser_grid
D:5:      minmay_spotlight, layout_loops_ring, nemelex_diamond_rough_becter,
          trog_antimagical, minmay_between, uniq_prince_ribbit1
D:6:      layout_basic, gammafunk_ghost_nasty_kobolds, dk_noncrumbling_2,
          minmay_hollow_rounded_squares, uniq_eustachio
D:7:      wad_pebble_path, layout_basic,
          grunt_temple_overflow_lords_of_destruction,
          mainiacjoe_overflow_catwalk_spiral
D:8:      layout_basic, erik_lair_orcish_takeover, serial_shops,
          nicolae_shop_bloodbath_and_beyond, minivault_12
D:9:      layout_irregular_city
D:10:     layout_loops_ring, uniq_joseph, uniq_erica
D:11:     layout_loops_corners, david_orc_5
D:12:     layout_roguey, serial_aquarium, aquarium_bridge_long_joined
          [aquarium_subvault_bridge, aquarium_subvault_window,
          aquarium_subvault_wall, aquarium_subvault_window,
          aquarium_subvault_bridge, aquarium_subvault_bridge],
          aquarium_bridge_square [aquarium_subvault_wall,
          aquarium_subvault_wall, aquarium_subvault_bridge,
          aquarium_subvault_wall], aquarium_window_fake, aquarium_window_fake,
          aquarium_window_fake, aquarium_window_3, aquarium_view_4,
          minmay_the_grid_square_5x5_3x3_mashed
          [minmay_the_grid_square_5x5_pentomino_r,
          minmay_the_grid_square_5x5_inner_i,
          minmay_the_grid_square_5x5_checkered_sparse,
          minmay_the_grid_square_5x5_inset,
          minmay_the_grid_square_5x5_megaprize_crossed,
          minmay_the_grid_square_5x5_checkered, minmay_the_grid_square_5x5_meh,
          minmay_the_grid_square_5x5_z, minmay_the_grid_square_5x5_six],
          uniq_psyche, uniq_rupert
Temple:   nicolae_temple_elliptical

Skill      XL: |  1  2  3  4  5  6  7  8  9 10 11 12 |
---------------+-------------------------------------+-----
Summonings     | 5 6 7 8 9 10 11 12 13 | 13.0
Armour         | 2 3 4 |  4.4
Polearms       | 4 7 9 10 | 10.8
Transmutations | 2 4 |  4.1
Shields        | 1 2 |  2.7
Stealth        | 3 |  3.4
Fighting       | 2 4 |  4.2
Invocations    | 4 |  4.3
Dodging        | 3 4 |  4.7
Spellcasting   | 3 6 |  6.8
Translocations | 1 |  1.8
Hexes          | 1 |  1.2

Action                   |  1- 3 |  4- 6 |  7- 9 | 10-12 || total
-------------------------+-------+-------+-------+-------++-------
Melee: Rapier            |   100 |    81 |       |       ||   181
       Unarmed           |     4 |       |       |       ||     4
       Trident           |       |    28 |   282 |     1 ||   311
       Halberd           |       |    26 |       |       ||    26
       Punch             |       |       |     2 |       ||     2
       Demon trident     |       |       |       |   271 ||   271
       Headbutt          |       |       |       |    33 ||    33
       Tailslap          |       |       |       |     1 ||     1
Throw: Dart              |       |     1 |       |       ||     1
 Cast: Summon Small Mamm |    12 |     8 |     2 |     7 ||    29
       Call Imp          |    11 |    10 |    10 |    14 ||    45
       Call Canine Famil |     2 |    16 |    26 |    37 ||    81
       Summon Guardian G |       |       |     1 |    10 ||    11
       Summon Forest     |       |       |       |     2 ||     2
       Summon Lightning  |       |       |       |     2 ||     2
Invok: Ancestor Life: Ba |       |       |     1 |       ||     1
       Recall Ancestor   |       |       |       |     3 ||     3
Evoke: Wand              |       |       |       |     8 ||     8
  Use: Potion            |       |     4 |     4 |     6 ||    14
       Scroll            |       |       |    18 |     5 ||    23
 Stab: Sleeping          |     6 |     2 |     7 |     5 ||    20
       Distracted        |     1 |       |     6 |     9 ||    16
       Paralysed         |       |       |       |     2 ||     2
Armor: Robe              |    23 |     2 |       |       ||    25
       Leather armour    |       |    29 |    68 |    25 ||   122
Dodge: Dodged            |    88 |   108 |   127 |    57 ||   380
Block: Buckler           |       |       |    12 |    57 ||    69
